 Dungeon Crawl Stone Soup version 0.29.1-15-g9cfb28693d (webtiles) character file.

Game seed: 607276519794726222

144 DemonSlayer the Digger (level 5, -1/36 HPs)
             Began as a Demonspawn Earth Elementalist on Mar 9, 2023.
             Slain by an ogre
             ... wielding a +0 giant club
              (4 damage)
             ... on level 5 of the Dungeon.
             The game lasted 00:03:53 (3433 turns).

DemonSlayer the Digger (DsEE)                       Turns: 3433, Time: 00:03:53

Health: -1/36      AC:  2    Str: 11    XL:     5   Next: 5%
Magic:  7/9        EV: 12    Int: 16    God:
Gold:   137        SH:  0    Dex: 13    Spells: 4/10 levels left

rFire   . . .      SeeInvis .   d - +0 long sword
rCold   . . .      Faith    .   (no shield)
rNeg    . . .      Spirit   .   a - +0 robe
rPois   .          Reflect  .   (no helmet)
rElec   .          Harm     .   (no cloak)
rCorr   .          Rampage  .   (no gloves)
Will    .....                   (no boots)
Stlth   ++........              h - amulet of the acrobat
HPRegen 0.12/turn               (no ring)
MPRegen 0.11/turn               (no ring)

@: mighty
A: powered by pain 2
a: no special abilities


You were on level 5 of the Dungeon.
You visited 1 branch of the dungeon, and saw 5 of its levels.

You collected 137 gold pieces.

Inventory:

Hand Weapons
 d - a +0 long sword (weapon)
Armour
 a - a +0 robe (worn)
Jewellery
 h - an amulet of the acrobat (around neck)
 i - an amulet of guardian spirit
Scrolls
 e - a scroll of amnesia {unknown}
 g - 10 scrolls of identify {unknown}
Potions
 b - 2 potions of magic
 c - 2 potions of might
 f - a potion of degeneration {unknown}
 j - a potion of berserk rage {unknown}
 k - a potion of flight {unknown}


   Skills:
 + Level 0.4 Fighting
 + Level 1.0 Long Blades
 + Level 2.2 Dodging
 + Level 2.1 Stealth
 + Level 3.1 Spellcasting
 + Level 0.8 Transmutations
 + Level 3.9 Earth Magic


You had 4 spell levels left.
You knew the following spells:

 Your Spells              Type           Power      Damage    Failure   Level
a - Sandblast             Erth           30%        2d9       3%          1
b - Passwall              Tmut/Erth      8%         N/A       11%         2
c - Stone Arrow           Conj/Erth      16%        3d8       24%         3

Your spell library contained the following spells:

 Spells                   Type           Power      Damage    Failure   Level
 Wereblood                Tmut           5%         N/A       21%         2
 Sublimation of Blood     Necr           2%         N/A       28%         2
 Petrify                  Tmut/Erth      10%        N/A       56%         4
 Summon Hydra             Summ           1%         N/A       100%        7


Dungeon Overview and Level Annotations

Branches:
Dungeon (5/15)
 Temple: D:4-7

Altars:


Innate Abilities, Weirdness & Mutations

You sometimes gain power by taking damage.


Message History

The scorpion stings you! The scorpion stings you.
The blast of sand hits the scorpion but does no damage.
The scorpion is heavily wounded.
The scorpion stings you. The scorpion barely misses you.
You are too injured to fight recklessly!
As you read the scroll labelled MORUZA LYAF, it crumbles to dust.
The scroll dissolves into smoke.
It was a scroll of fog.
The scorpion closely misses you. The scorpion attacks as you move away!
The scorpion misses you. The scorpion completely misses you.
The scorpion attacks as you move away! The scorpion stings you.
* * * LOW HITPOINT WARNING * * *
The scorpion misses you. The scorpion completely misses you.
You see here a bubbling clear potion.
The scorpion attacks as you move away! The scorpion misses you.
It was a potion of might.
You feel very mighty all of a sudden. The scorpion barely misses you.
You closely miss the scorpion.
The scorpion is heavily wounded.
The scorpion stings you but does no damage.
The scorpion barely misses you.
You slash the scorpion!
You kill the scorpion!
The orc closely misses you.
Your Long Blades skill increases to level 1!
Your Spellcasting skill increases to level 3!
You have reached level 5!
Your demonic ancestry asserts itself...
You feel even more energised by your suffering.
You slice the orc!!
You kill the orc!
The ogre hits you with a +0 giant club!
* * * LOW HITPOINT WARNING * * *
You focus on the pain.
You feel mightier all of a sudden.
You slash the ogre!
The ogre is heavily wounded.
The ogre hits you with a +0 giant club.
You die...

#.......#
#...###..##
#..## #...##
######..# ##.#.
......o#### ...
..........#
##.##
#####.(##.....
... ###.## ####
#.# #...# #@#
#...## ####O#
###..######§§..#
##..O§o§§§...#
##.§#########
#..# #..# #..#
#..#


You could see an ogre.

Vanquished Creatures
  A scorpion (D:5)
  3 adders
  An ufetubus (D:5)
  A dart slug (D:2)
  2 orcs
  2 bats
  7 endoplasms
  3 giant cockroaches
  8 goblins
  2 hobgoblins
  4 jackals (D:2)
  3 kobolds (D:1)
  A quokka (D:2)
  A frilled lizard (D:1)
  6 rats
45 creatures vanquished.

Notes
Turn   | Place    | Note
-------+----------+-------------------------------------------
     0 | D:1      | DemonSlayer the Demonspawn Earth Elementalist began the
                  | quest for the Orb.
     0 | D:1      | Reached XP level 1. HP: 13/13 MP: 3/3
   320 | D:1      | Gained mutation: You sometimes gain a little power by
                  | taking damage. [demonic ancestry]
   320 | D:1      | Reached XP level 2. HP: 14/19 MP: 0/5
   829 | D:1      | Found a faded altar of an unknown god.
  1121 | D:1      | Learned a level 2 spell: Passwall
  1424 | D:2      | Reached XP level 3. HP: 14/24 MP: 0/6
  2422 | D:2      | Learned a level 3 spell: Stone Arrow
  3236 | D:4      | Reached XP level 4. HP: 30/30 MP: 5/8
  3371 | D:4      | Noticed a necrophage
  3371 | D:4      | Noticed an ogre
  3382 | D:5      | Entered Level 5 of the Dungeon
  3393 | D:5      | Noticed an ogre
  3395 | D:5      | Noticed a scorpion
  3431 | D:5      | Killed a scorpion
  3432 | D:5      | Reached skill level 1 in Long Blades
  3432 | D:5      | Gained mutation: You sometimes gain power by taking damage.
                  | [demonic ancestry]
  3432 | D:5      | Reached XP level 5. HP: 10/36 MP: 6/9
  3433 | D:5      | Slain by an ogre

Illustrated notes

Levels and vault maps discovered:
D:1:      minmay_arrival_solitary_statue, layout_basic,
          hellmonk_ecumenical_altar_pennies_from_heaven
D:2:      layout_basic, nicolae_elevator_lobby_plus
D:3:      layout_basic, cheibrodos_ashenzari_chains, nicolae_eternal_life,
          minmay_tree_intersection, patterned_corridor
D:4:      layout_loops_ring
D:5:      lemuel_ratsnest, layout_rooms, serial_shops, kennysheep_little_box

Skill      XL: |  1  2  3  4 |
---------------+-------------+-----
Dodging        | 2 |  2.2
Earth Magic    | 3 |  3.9
Stealth        | 2 |  2.1
Long Blades    | 1 |  1.0
Spellcasting   | 3 |  3.1
Fighting       | |  0.4
Transmutations | |  0.8

Action                   |  1- 3 |  4- 6 || total
-------------------------+-------+-------++-------
Melee: Long sword        |    26 |     6 ||    32
 Cast: Sandblast         |    48 |     6 ||    54
  Use: Scroll            |       |     1 ||     1
       Potion            |       |     1 ||     1
 Stab: Sleeping          |     1 |     1 ||     2
Armor: Robe              |     9 |     1 ||    10
Dodge: Dodged            |    34 |    14 ||    48
